 Dungeon Crawl Stone Soup version 0.30-a0-953-g5f1da4a474 (webtiles) character file.

Game seed: 3323936387347366950

1310 xian the Cleaver (level 8, -1/61 (70) HPs)
             Began as a Minotaur Fighter on Mar 28, 2023.
             Was a Follower of Trog.
             Slain by a wight
             ... wielding a +5 spear
              (3 damage)
             ... on level 6 of the Dungeon.
             The game lasted 00:13:37 (5205 turns).

xian the Cleaver (Minotaur Fighter)                 Turns: 5205, Time: 00:13:37

HP:   -1/61 (70)    AC: 11    Str: 22    XL:     8   Next: 32%
MP:   7/7           EV:  8    Int:  5    God:    Trog [*.....]
Gold: 346           SH:  5    Dex: 11    Spells: 7/7 levels left

rFire   . . .      SeeInvis .    a - +0 war axe
rCold   . . .      Faith    .    c - +0 buckler
rNeg    . . .      Spirit   .    j - +0 chain mail
rPois   .          Reflect  .    i - +0 hat
rElec   .          Rampage  .    A - +0 cloak
rCorr   .                        (no gloves)
Will    .....                    (no boots) Stlth
                                 (no amulet)
HPRegen 0.30/turn                (no ring)
MPRegen 0.10/turn                (no ring)

@: heavily drained
A: horns 2, retaliatory headbutt
a: Renounce Religion, Berserk


You were on level 6 of the Dungeon.
You worshipped Trog.
Trog was aware of your devotion.
You visited 1 branch of the dungeon, and saw 6 of its levels.
You also visited: Ossuary.

You collected 346 gold pieces.

Inventory:

Hand Weapons
 a - a +0 war axe (weapon)
Missiles
 m - 2 javelins
 o - 9 stones (quivered)
 u - 12 poisoned darts
Armour
 c - a +0 buckler (worn)
 i - a +0 hat (worn)
 j - a +0 chain mail (worn)
 A - a +0 cloak (worn)
Wands
 p - a wand of polymorph (1)
 w - a wand of flame (6)
 z - a wand of iceblast (5)
Scrolls
 b - 2 scrolls of blinking {unknown}
 f - 3 scrolls of enchant armour {unknown}
 g - a scroll of fear
 k - 2 scrolls of silence {unknown}
 l - 2 scrolls of fog {unknown}
 v - 2 scrolls of immolation
 y - a scroll of teleportation
 C - a scroll of torment
 D - 2 scrolls of poison
Potions
 d - a potion of might
 e - 4 potions of attraction {unknown}
 h - a potion of flight {unknown}
 n - a potion of brilliance {unknown}
 q - a potion of heal wounds {unknown}
 r - 2 potions of cancellation {unknown}
 s - a potion of lignification {unknown}
 t - a potion of haste {unknown}
 x - a potion of invisibility {unknown}
 B - 3 potions of curing {unknown}
 E - a potion of ambrosia {unknown}
 F - 2 potions of degeneration {unknown}
 G - a potion of mutation {unknown}


   Skills:
 + Level 5.7 Fighting
 + Level 8.3 Axes
 + Level 2.0 Throwing
 + Level 6.5 Armour
 + Level 2.8 Dodging
 + Level 0.4 Stealth
 + Level 4.7 Shields
 + Level 0.4 Unarmed Combat
 + Level 0.7 Evocations


You had 7 spell levels left.
You didn't know any spells.
Your spell library contained the following spells:

 Spells                   Type           Power      Damage    Failure   Level
 Apportation              Tloc           0%         N/A       99%         1
 Freeze                   Ice            0%         1d3       99%         1
 Necrotise                Necr           0%         1d4       99%         1
 Summon Small Mammal      Summ           0%         N/A       99%         1
 Blink                    Tloc           0%         N/A       100%        2
 Frozen Ramparts          Ice            0%         1d1       100%        3
 Hailstorm                Conj/Ice       0%         3d3       100%        3
 Ice Form                 Ice/Tmut       0%         N/A       100%        4
 Manifold Assault         Tloc           0%         N/A       100%        4
 Simulacrum               Ice/Necr       0%         N/A       100%        6
 Storm Form               Tmut/Air       0%         N/A       100%        7


Dungeon Overview and Level Annotations

Branches:
Dungeon (6/15)             Temple (0/1) D:6         Ossuary (visited)

Altars:
Fedhas
Okawaru
Trog
Vehumet
Xom


Innate Abilities, Weirdness & Mutations

You have a pair of horns on your head.
You reflexively headbutt those who attack you in melee.


Message History

You closely miss the wight. The wight hits you with a +5 spear.
The wight barely misses you.
You slash the wight!
The wight is severely damaged.
You hit the wight. The wight hits you with a +5 spear!
You feel drained. The wight hits you but does no damage.
The wight hits you with a +5 spear.
You feel drained. The wight barely misses you. You furiously retaliate!
You headbutt the wight!
You destroy the wight!
Trog accepts your kill.
A wight comes into view. It is wielding a +0 mace.
Found a short sword.
The wight hits you with a +5 spear!
You feel drained.
* * * LOW HITPOINT WARNING * * *
Things that are here:
a +2 scimitar; a +0 robe You closely miss the wight.
The wight is heavily damaged.
The wight hits you with a +5 spear.
* * * LOW HITPOINT WARNING * * *
You feel drained.
You barely miss the wight.
The wight is heavily damaged.
You block the wight's attack.
You hit the wight. Your headbutt misses the wight.
The wight is severely damaged.
The wight hits you with a +5 spear.
* * * LOW HITPOINT WARNING * * *
You completely miss the wight.
The wight is severely damaged.
The wight hits you with a +5 spear.
* * * LOW HITPOINT WARNING * * *
You feel drained.
* * * LOW HITPOINT WARNING * * *
Unknown command.
You barely miss the wight.
The wight is severely damaged.
The wight hits you with a +5 spear.
* * * LOW HITPOINT WARNING * * *
You feel drained.
You die...

#. #.# # ##..)..##
#.###.##.# ##.......##
#.......
#.....!...####....####
+.........+...........
#.........####....####
#...z...# ##.#.#
#..:..# ###.## #.@z#
#..# ##'## ##.# #.#
#.# #.# #.# ##.## #.#
##...####### #.#
#..........# #.#
##...#.....#####.#
##.##...........#


You could see 2 wights.

Vanquished Creatures
  An ice beast (D:4)
  A black bear (D:4)
  An elf zombie (Ossuary)
  A scorpion (D:4)
  A gnoll sergeant (D:4)
  A wight (D:6)
  A centaur zombie (Ossuary)
  3 hounds
  4 jellies
  2 human zombies (Ossuary)
  An orc priest (D:5)
  A sleepcap (D:4)
  2 iguanas (D:6)
  Natasha (thrice) (D:2)
  2 orc wizards (D:5)
  A hound zombie (Ossuary)
  4 mummies
  7 adders
  10 gnolls
  A shadow imp (D:6)
  4 adder zombies (Ossuary)
  A worm (D:5)
  2 dart slugs
  6 orcs
  10 ball pythons
  3 bats
  5 endoplasms
  3 giant cockroaches
  4 goblins
  6 hobgoblins
  6 jackals
  6 kobolds
  5 quokkas
  3 frilled lizards
  3 gnoll zombies (Ossuary)
  6 hobgoblin zombies (Ossuary)
  3 jackal zombies (Ossuary)
  2 kobold zombies (Ossuary)
  An orc zombie (Ossuary)
  7 quokka zombies (Ossuary)
  4 rats
  2 rat zombies (Ossuary)
140 creatures vanquished.

Notes
Turn   | Place    | Note
-------+----------+-------------------------------------------
     0 | D:1      | xian the Minotaur Fighter began the quest for the Orb.
     0 | D:1      | Reached XP level 1. HP: 19/19 MP: 0/0
   163 | D:1      | Found a faded altar of an unknown god.
   177 | D:1      | Reached XP level 2. HP: 27/27 MP: 1/1
   604 | D:2      | Reached XP level 3. HP: 31/33 MP: 2/2
   649 | D:2      | Found a blossoming altar of Fedhas.
   687 | D:2      | Noticed Natasha
   852 | D:2      | Reached skill level 3 in Axes
   862 | D:2      | Reached XP level 4. HP: 38/40 MP: 3/3
  1034 | D:2      | Killed Natasha
  1039 | D:2      | Noticed Natasha
  1051 | D:2      | Killed Natasha
  1052 | D:2      | Reached skill level 4 in Axes
  1052 | D:2      | Reached XP level 5. HP: 47/47 MP: 4/4
  1072 | D:2      | Noticed Natasha
  1085 | D:2      | Killed Natasha
  1086 | D:2      | Reached skill level 1 in Dodging
  1372 | D:3      | Found a shimmering altar of Xom.
  2303 | D:4      | Noticed a black bear
  2312 | D:4      | Killed a black bear
  2313 | D:4      | Reached skill level 5 in Axes
  2313 | D:4      | Reached XP level 6. HP: 36/53 MP: 5/5
  2314 | D:4      | Noticed an ice beast
  2331 | D:4      | Killed an ice beast
  2536 | D:4      | Reached skill level 5 in Fighting
  2536 | D:4      | Reached skill level 5 in Armour
  2656 | D:4      | Reached skill level 1 in Throwing
  2656 | D:4      | Reached XP level 7. HP: 52/61 MP: 6/6
  3014 | D:4      | Reached skill level 6 in Axes
  3546 | D:5      | Entered Level 5 of the Dungeon
  3687 | D:5      | Found a radiant altar of Vehumet.
  4125 | D:5      | Found a bloodstained altar of Trog.
  4135 | D:5      | Became a worshipper of Trog the Wrathful
  4395 | D:5      | Found an iron altar of Okawaru.
  4517 | D:6      | Found a sand-covered staircase.
  4545 | Ossuary  | Entered an ossuary
  4656 | Ossuary  | Reached skill level 7 in Axes
  4672 | Ossuary  | Reached * piety under Trog
  4673 | Ossuary  | Reached XP level 8. HP: 68/68 MP: 7/7
  5017 | D:6      | Found a staircase to the Ecumenical Temple.
  5158 | D:6      | Reached skill level 8 in Axes
  5205 | D:6      | HP: 2/63 [wight/+5 spear (6)]
  5205 | D:6      | Slain by a wight

Illustrated notes

Levels and vault maps discovered:
D:1:      nicolae_arrival_washed_ashore, layout_basic,
          ebering_ecumenical_altar_box
D:2:      mumra_celtic_spiral_tile, layout_rooms, basic_altar, st_stairs_2,
          uniq_natasha
D:3:      layout_basic, mainiacjoe_overflow_surrounded_room
D:4:      layout_loops_ring, eino_small_chamber_without_monster,
          lightli_minifort
D:5:      layout_basic, mainiacjoe_overflow_cross_hatched,
          mainiacjoe_overflow_catch_the_wave, ebering_dispersal_statue_hall,
          minmay_misc_feat_secret_circle
D:6:      layout_loops_corners, overflow_temple_1_default, temple_hall,
          gup_ossuary_entry_pyramid, dk_vineyard_1,
          nicolae_concentric_dashed_squares_mild

Skill      XL: |  1  2  3  4  5  6  7  8 |
---------------+-------------------------+-----
Armour         | 4 5 6 |  6.5
Fighting       | 4 5 |  5.7
Shields        | 4 |  4.7
Axes           | 3 4 5 7 8 |  8.3
Dodging        | 2 |  2.8
Throwing       | 1 2 |  2.0
Stealth        | |  0.4
Unarmed Combat | |  0.4
Evocations     | |  0.7

Action                     |  1- 3 |  4- 6 |  7- 9 || total
---------------------------+-------+-------+-------++-------
  Melee: War axe           |    68 |    88 |   190 ||   346
         Headbutt          |     7 |    11 |    41 ||    59
         Unarmed           |     8 |     8 |       ||    16
  Throw: Stone             |       |    31 |     9 ||    40
         Dart              |       |     3 |     1 ||     4
         Javelin           |       |       |     2 ||     2
  Evoke: Wand              |       |       |     3 ||     3
    Use: Scroll            |       |       |     7 ||     7
 Armour: Scale mail        |    16 |       |       ||    16
         Chain mail        |    32 |    55 |    87 ||   174
         Skin              |     1 |    24 |       ||    25
  Dodge: Dodged            |    53 |    40 |    66 ||   159
  Block: Buckler           |    23 |    18 |    42 ||    83

Table legend: (Time is in decaauts)
 A = Elapsed time spent in this place.
 B = Non-inter-level travel time spent in this place.
 C = Inter-level travel time spent in this place.
 D = Time resting spent in this place.
 E = Time spent auto-exploring this place.
 F = Levels seen in this place.
 G = Mean time per level.
                   A        B        C        D        E       F      G
               +--------+--------+--------+--------+--------+-----+--------+
         Total |   5325 |   5155 |    170 |      0 |   3690 |   7 |  760.7 |
       Dungeon |   4956 |   4786 |    170 |      0 |   3525 |   6 |  826.0 |
       Ossuary |    369 |    369 |      0 |      0 |    165 |   1 |  369.0 |
               +--------+--------+--------+--------+--------+-----+--------+

Top non-repeatable levels by time:
     D:4: 1362 daAuts
     D:5: 910 daAuts
     D:2: 878 daAuts
     D:3: 852 daAuts
     D:1: 540 daAuts
     D:6: 412 daAuts
 Ossuary: 369 daAuts
